 Dungeon Crawl Stone Soup version 0.29.0-11-gd7f09526c8 (webtiles) character file.

Game seed: 2879794572539171427

787 xian the Magician (level 7, -1/32 HPs)
             Began as a Vine Stalker Air Elementalist on Sept 3, 2022.
             Was a High Priest of Ignis.
             Slain by an orc warrior
             ... wielding a +0 dire flail
              (14 damage)
             ... on level 5 of the Dungeon.
             The game lasted 00:09:49 (4602 turns).

xian the Magician (Vine Stalker Air Elementalist)   Turns: 4602, Time: 00:09:49

Health: -1/32      AC:  2    Str: 11    XL:     7   Next: 87%
Magic:  0/16       EV: 12    Int: 17    God:    Ignis [*****.]
Gold:   148        SH:  0    Dex: 14    Spells: 7/17 levels left

rFire   + . .      SeeInvis .   u - +4 dagger
rCold   . . .      Faith    .   (no shield)
rNeg    . . .      Spirit   +   a - +0 robe
rPois   .          Reflect  .   (no helmet)
rElec   .          Harm     .   (no cloak)
rCorr   .          Rampage  .   (no gloves)
Will    +....                   (no boots)
Stlth   ++........              o - amulet of magic regeneration
HPRegen 0.90/turn               s - ring of willpower
MPRegen 0.55/turn               (no ring)

@: no status effects
A: fangs 2, regeneration 1, magic shield, antimagic bite, no potion heal 2
a: Renounce Religion, Fiery Armour, Foxfire Swarm, Rising Flame


You were on level 5 of the Dungeon.
You worshipped Ignis.
Ignis was extremely pleased with you.
You visited 1 branch of the dungeon, and saw 5 of its levels.
You also visited: Sewer.

You collected 201 gold pieces.
You spent 53 gold pieces at shops.

Inventory:

Hand Weapons
 u - a +4 dagger (weapon)
Missiles
 n - 2 throwing nets
Armour
 a - a +0 robe (worn)
Magical Staves
 k - a staff of fire
Jewellery
 o - an amulet of magic regeneration (around neck)
 s - a ring of willpower (left hand)
Wands
 l - a wand of polymorph (7)
Scrolls
 c - a scroll of enchant weapon
 d - a scroll of silence
 e - 2 scrolls of enchant armour
 f - a scroll of butterflies
 h - a scroll of summoning
 p - a scroll of fear
Potions
 g - a potion of ambrosia
 i - 4 potions of flight
 j - 2 potions of curing
 m - 2 potions of lignification
 q - a potion of cancellation {unknown}
 r - a potion of heal wounds
 t - 2 potions of brilliance {unknown}


   Skills:
 + Level 0.2 Short Blades
 - Level 1.5 Dodging
 + Level 3.1 Stealth
 + Level 5.9 Spellcasting
 + Level 4.0 Conjurations
 + Level 5.5 Air Magic


You had 7 spell levels left.
You knew the following spells:

 Your Spells              Type           Power      Damage    Failure   Level
a - Shock                 Conj/Air       84%        1d8       1%          1
b - Static Discharge      Conj/Air       21%        3-6/arc   2%          2
c - Swiftness             Air            23%        N/A       4%          3
d - Airstrike             Air            11%        2d(2-18)  13%         4

Your spell library contained the following spells:

 Spells                   Type           Power      Damage    Failure   Level
 Tukima's Dance           Hex            5%         N/A       36%         3
 Passage of Golubria      Tloc           5%         N/A       78%         4
 Yara's Violent Unravell  Hex/Tmut       2%         3d3       98%         5


Dungeon Overview and Level Annotations

Branches:
Dungeon (5/15)              Sewer (visited)
 Temple: D:4-7

Altars:
Cheibriados
Okawaru
Qazlal
Vehumet
Ignis

Shops:
D:1 (   D:4 *([?


Innate Abilities, Weirdness & Mutations

You have extremely sharp teeth.
Your natural rate of healing is unusually fast.
When hurt, damage is shared between your health and your magic reserves.
Your bite disrupts and absorbs the magic of your enemies.
Potions cannot restore your health.


Message History

Something is struck by an arc of lightning.
The orc warrior is struck by an arc of lightning!
The orc warrior is moderately wounded.
Something is struck by an arc of lightning.
You are struck by an arc of lightning.
The lightning grounds out.
The jelly barely misses you. Something hits you.
Unknown command.
Casting: Static Discharge (safe; 2% risk of failure)
Confirm with . or Enter, or press ? or * to list all spells.
Something is struck by an arc of lightning.
Reactivating autopickup.
You feel a bit more experienced.
The orc warrior is struck by an arc of lightning.
The orc warrior is heavily wounded.
The jelly closely misses you.
Unknown command.
Casting: Static Discharge (safe; 2% risk of failure)
Confirm with . or Enter, or press ? or * to list all spells.
The jelly is struck by an arc of lightning.
The jelly is moderately wounded.
You are struck by an arc of lightning.
The lightning grounds out.
The jelly hits you.
You are splashed with acid!
The orc warrior barely misses you.
Casting: Static Discharge (safe; 2% risk of failure)
Confirm with . or Enter, or press ? or * to list all spells.
The jelly is struck by an arc of lightning.
The jelly is heavily wounded.
You are struck by an arc of lightning.
The jelly is struck by an arc of lightning.
The jelly is severely wounded.
The lightning grounds out.
The orc warrior is struck by an arc of lightning.
The orc warrior is severely wounded.
You are struck by an arc of lightning.
The orc warrior is struck by an arc of lightning!
The orc warrior is almost dead.
You are struck by an arc of lightning.
The lightning grounds out.
The jelly barely misses you.
The orc warrior hits you with a +0 dire flail!
You die...

#>.# #.#############
####
#..................#
#..........####....# #
#......?...........#
####.......###._.###..#
[............#...# ..
####)......#.##.##.#
...)######.#....@o.#
....# #.####J####
..).## ... .... ..>..#
..####.# .......# ...
.........# #.#
########## ... ._


You could see an orc warrior and a jelly.

Vanquished Creatures
  Pargi (Sewer)
  A centaur (D:3)
  A scorpion (D:4)
  A hound (D:4)
  5 orc priests
  Jessica (D:2)
  Natasha (twice) (D:3)
  4 orc wizards
  7 gnolls
  5 adders
  2 worms (D:4)
  3 dart slugs
  11 orcs
  3 ball pythons
  6 endoplasms
  4 giant cockroaches
  5 goblins
  5 hobgoblins
  8 kobolds
  4 quokkas
  A bat (D:3)
  5 frilled lizards
  3 rats
88 creatures vanquished.

Vanquished Creatures (others)
  7 plants (D:1)
7 creatures vanquished.

Grand Total: 95 creatures vanquished

Notes
Turn   | Place    | Note
-------+----------+-------------------------------------------
     0 | D:1      | xian the Vine Stalker Air Elementalist began the quest for
                  | the Orb.
     0 | D:1      | Reached XP level 1. HP: 9/9 MP: 4/4
   163 | D:1      | Found Vegiga Xing's Weapon Boutique.
   233 | D:1      | Reached XP level 2. HP: 13/13 MP: 0/6
  1009 | D:1      | Reached XP level 3. HP: 16/16 MP: 3/7
  1077 | D:1      | Found a faded altar of an unknown god.
  1088 | D:1      | Prayed at the altar of an unknown god.
  1088 | D:1      | Became a worshipper of Ignis, the Dying Flame
  1892 | D:2      | Noticed Jessica
  1896 | D:2      | Killed Jessica
  1897 | D:2      | Gained mutation: Your natural rate of healing is unusually
                  | fast. [Vine Stalker growth]
  1897 | D:2      | Reached XP level 4. HP: 21/21 MP: 4/10
  2142 | D:2      | You fall into a shaft and drop 1 floor!
  2167 | D:3      | Noticed a centaur
  2173 | D:3      | Killed a centaur
  2174 | D:3      | Reached XP level 5. HP: 18/24 MP: 11/11
  2255 | D:3      | Noticed Natasha
  2260 | D:3      | Killed Natasha
  2378 | D:3      | Found a radiant altar of Vehumet.
  2471 | D:3      | Reached XP level 6. HP: 28/28 MP: 0/13
  2644 | D:3      | Learned a level 2 spell: Static Discharge
  2648 | D:3      | Learned a level 3 spell: Swiftness
  2653 | D:3      | Learned a level 4 spell: Airstrike
  2989 | D:3      | Noticed Natasha
  2998 | D:3      | Killed Natasha
  3528 | D:4      | Found a glowing drain.
  3564 | Sewer    | Entered a sewer
  3603 | Sewer    | Noticed Pargi
  3612 | Sewer    | Killed Pargi
  3613 | Sewer    | Reached skill level 5 in Spellcasting
  3613 | Sewer    | Reached skill level 5 in Air Magic
  3613 | Sewer    | Reached XP level 7. HP: 17/32 MP: 1/15
  4130 | D:4      | Found a stormy altar of Qazlal.
  4278 | D:4      | Found Molebam's Armour Boutique.
  4280 | D:4      | Found Zoeritis's Magic Scroll Boutique.
  4282 | D:4      | Found Wuheacyi's Weapon Boutique.
  4288 | D:4      | Found Leugruum's Assorted Antiques.
  4290 | D:4      | Bought a scroll of identify for 28 gold pieces
  4297 | D:4      | Bought a scroll labelled CEUPAU HAOCRELILI for 25 gold
                  | pieces
  4446 | D:5      | Entered Level 5 of the Dungeon
  4580 | D:5      | Found a snail-covered altar of Cheibriados.
  4591 | D:5      | Found an iron altar of Okawaru.
  4602 | D:5      | Slain by an orc warrior

Illustrated notes

Levels and vault maps discovered:
D:1:      wander_arrival_estate, layout_loops_cross,
          dilly_ecumenical_altar_fadedgnrine, serial_shops,
          nicolae_shop_hallway_plus, serial_glass, glass_columns_a,
          glass_columns_a, serial_bayou_lagoon_a, minmay_misc_feat_columns,
          minmay_pentomino_o4
D:2:      layout_rooms, uniq_jessica
D:3:      layout_loops_corners, lemuel_crystal_altar,
          hangedman_decor_clover_reticule, uniq_natasha
D:4:      layout_cave_pools, general_overflow_altar,
          cheibrodos_sewer_entry_drain, minmay_shop_grid_forest,
          chequers_serial_rivers_marsh
D:5:      layout_rooms, mainiacjoe_overflow_large_starburst, marbit_many_paths,
          temple_doors_e

Skill      XL: |  1  2  3  4  5  6  7 |
---------------+----------------------+-----
Spellcasting   | 3 4 5 |  5.9
Conjurations   | 2 3 4 |  4.0
Air Magic      | 4 5 |  5.5
Stealth        | 3 |  3.1
Short Blades   | |  0.2
Dodging        | |  1.5

Action                   |  1- 3 |  4- 6 |  7- 9 || total
-------------------------+-------+-------+-------++-------
Melee: Whip              |     4 |       |       ||     4
       Dagger            |     1 |    22 |     2 ||    25
       Bite              |     1 |    10 |       ||    11
 Cast: Shock             |    68 |   101 |    63 ||   232
       Static Discharge  |       |     5 |    12 ||    17
Invok: Fiery Armour      |     1 |       |       ||     1
  Use: Scroll            |     3 |     7 |     3 ||    13
       Potion            |     1 |       |       ||     1
Armor: Robe              |     4 |    10 |     4 ||    18
Dodge: Dodged            |    11 |    22 |    12 ||    45
